 Seeded DCSS version 0.31-a0-986-g5e6e4ef867 (webtiles) character file.

Game seed: 15151140065775608576 (custom seed)

308 timneilson the Shield-Bearer (level 6, -2/38 HPs)
             Began as a Gargoyle Fighter on Nov 12, 2023.
             Slain by a gnoll
             ... wielding a +0 whip
             ... led by a gnoll bouda
              (7 damage)
             ... on level 4 of the Dungeon.
             The game lasted 00:03:42 (2830 turns).

timneilson the Shield-Bearer (Gargoyle Fighter)     Turns: 2830, Time: 00:03:42

Health: -2/38      AC: 14    Str: 20    XL:     6   Next: 40%
Magic:  6/6        EV:  8    Int:  8    God:
Gold:   176        SH:  6    Dex: 11    Spells: 5/5 levels left

rFire   . . .        j - +6 double sword (elec)
rCold   . . .        c - +1 buckler
rNeg    + . .        e - +0 chain mail {Will+}
rPois   ∞            (no helmet)
rElec   +            (no cloak)
rCorr   .            (no gloves)
SInv    .            (no boots)
Will    +....        (no amulet) Stlth
                     (no ring)
HPRegen 0.26/turn    (no ring)
MPRegen 0.10/turn

%: no passive effects
@: hasted, very quick
A: sickness immunity, AC +4, negative energy resistance 1, electricity
resistance, torment resistance 1, petrification resistance
a: no special abilities


You were on level 4 of the Dungeon.
You visited 1 branch of the dungeon, and saw 4 of its levels.

You collected 176 gold pieces.

Inventory:

Hand Weapons
 a - a +1 long sword
 j - a +6 double sword of electrocution (weapon)
Armour
 c - a +1 buckler (worn)
 e - a +0 chain mail of willpower (worn)
Scrolls
 g - 2 scrolls of enchant weapon
 l - 3 scrolls of vulnerability
Potions
 b - a potion of brilliance {unknown}
 d - a potion of might
 h - a potion of resistance {unknown}
 i - a potion of heal wounds {unknown}
 k - a potion of degeneration {unknown}


   Skills:
 + Level 4.0 Fighting
 * Level 3.3 Long Blades
 * Level 4.6 Armour
 + Level 1.5 Dodging
 * Level 4.8 Shields


You had 5 spell levels left.
You didn't know any spells.
Your spell library was empty.

Dungeon Overview and Level Annotations

Branches:
Dungeon (4/15)
 Temple: D:4-7

Altars:


Innate Abilities, Weirdness & Mutations

You are immune to sickness and miasma.
Your stone body is resilient. (AC +4)
You are immune to poison.
You resist negative energy. (rN+)
You are resistant to electric shocks. (rElec)
You are resistant to unholy torment.
You are immune to petrification.


Message History

You slice the gnoll!!
You kill the gnoll!
Your Fighting skill increases to level 4!
Things that are here:
a +0 club; a +0 spear; a gnoll corpse
Items here: )) ††.
Things that are here:
a +0 club; a +0 spear; a gnoll corpse
Found a robe.
A gnoll comes into view. It is wielding a +0 spear.
The gnoll shouts!
You hear a shout!
A gnoll comes into view. It is wielding a +0 halberd.
The gnoll shouts!
You block the gnoll's attack.
A gnoll comes into view. It is wielding a +0 flail.
The gnoll shouts!
You slash the gnoll!
The gnoll is severely wounded.
The gnoll barely misses you.
A gnoll bouda comes into view. It is wielding a +0 whip.
You hit the gnoll.
You kill the gnoll!
The gnoll bouda barks out a call to the hunt!
The gnoll picks up the pace!
A gnoll comes into view. It is wielding a +0 whip.
The gnoll shouts!
The gnoll closely misses you.
You see here 9 gold pieces.
The gnoll hits you with a +0 halberd!
You closely miss the gnoll. The gnoll hits you but does no damage.
You barely miss the gnoll. You block the gnoll's attack.
You closely miss the gnoll. The gnoll hits you with a +0 halberd!
The gnoll hits you but does no damage. The gnoll hits you with a +0 flail!
* * * LOW HITPOINT WARNING * * *
The gnoll bouda hits you with a +0 whip.
* * * LOW HITPOINT WARNING * * *
You block the gnoll's attack.
It was a potion of haste.
You feel yourself speed up. The gnoll hits you with a +0 whip!
You die...

... ##.. .#.# ##
... +.###.. #
#..#..# # #.ggg#
##+## ##g@# ....#
#)$## ....#+#
######..# ......#
+...#..## ...####
#...##
###..######...#
###..#.....###
####..........####
##................#


You could see a gnoll bouda and 3 gnolls.

Vanquished Creatures
  An ogre (D:3)
  A hound (D:4)
  An orc priest (D:4)
  An orc wizard (D:4)
  3 adders (D:2)
  5 gnolls (D:4)
  A worm (D:2)
  3 dart slugs
  3 orcs
  3 bats
  6 endoplasms
  3 giant cockroaches
  3 goblins
  4 hobgoblins
  2 jackals (D:2)
  A quokka (D:2)
  5 ball pythons
  2 frilled lizards
  5 kobolds
  5 rats
58 creatures vanquished.

Vanquished Creatures (others)
  An adder (D:4)
1 creature vanquished.

Grand Total: 59 creatures vanquished

Notes
Turn   | Place    | Note
-------+----------+-------------------------------------------
     0 | D:1      | timneilson the Gargoyle Fighter began the quest for the
                  | Orb.
     0 | D:1      | Reached XP level 1. HP: 14/14 MP: 1/1
   136 | D:1      | Reached XP level 2. HP: 19/19 MP: 2/2
   915 | D:2      | Reached XP level 3. HP: 23/23 MP: 3/3
  1245 | D:2      | Found a faded altar of an unknown god.
  1272 | D:2      | Reached XP level 4. HP: 28/28 MP: 4/4
  2004 | D:3      | Identified a scroll of acquirement
  2004 | D:3      | Acquired a +6 double sword of electrocution
  2290 | D:3      | Noticed an ogre
  2295 | D:3      | Killed an ogre
  2296 | D:3      | Reached skill level 1 in Dodging
  2296 | D:3      | Reached XP level 5. HP: 26/33 MP: 5/5
  2632 | D:4      | Reached XP level 6. HP: 21/38 MP: 6/6
  2830 | D:4      | Slain by a gnoll

Illustrated notes

Levels and vault maps discovered:
D:1:      beargit_arrival_diablo_church, layout_basic
D:2:      layout_basic, basic_ecumenical_altar
D:3:      layout_basic
D:4:      nicolae_cairo_tiling_large, layout_cave_pods,
          nicolae_overflow_squiral, nzn_wu_jian_contemplation, elyvilon_altar_4

Skill      XL: |  1  2  3  4  5  6 |
---------------+-------------------+-----
Long Blades    | 2 3 |  3.3
Shields        | 4 |  4.8
Armour         | 4 |  4.6
Dodging        | 1 |  1.5
Fighting       | 4 |  4.0

Action                     |  1- 3 |  4- 6 || total
---------------------------+-------+-------++-------
  Melee: Long sword        |   110 |    50 ||   160
         Double sword      |       |    49 ||    49
    Use: Scroll            |     3 |     7 ||    10
         Potion            |       |     1 ||     1
 Armour: Chain mail        |    76 |   104 ||   180
         Scale mail        |     1 |       ||     1
  Dodge: Dodged            |    36 |    38 ||    74
  Block: Buckler           |    25 |    31 ||    56

Table legend: (Time is in decaauts)
 A = Elapsed time spent in this place.
 B = Non-inter-level travel time spent in this place.
 C = Inter-level travel time spent in this place.
 D = Time resting spent in this place.
 E = Time spent auto-exploring this place.
 F = Levels seen in this place.
 G = Mean time per level.
                   A        B        C        D        E       F      G
               +--------+--------+--------+--------+--------+-----+--------+
         Total |   2899 |   2763 |    136 |     58 |   2190 |   4 |  724.8 |
       Dungeon |   2899 |   2763 |    136 |     58 |   2190 |   4 |  724.8 |
               +--------+--------+--------+--------+--------+-----+--------+

Top non-repeatable levels by time:
     D:2: 1143 daAuts
     D:1: 819 daAuts
     D:3: 707 daAuts
     D:4: 229 daAuts
